Cogmind - Beta 15 @@@ ROGUE MODE // 2025.08.11 @ 19:50:31 Player: JuustuToug Result: Core destroyed Performance ------------- Evolutions (2) 1000 Regions Visited (5) 1000 Robots Destroyed (18) 90 Value Destroyed (430) 430 Prototype IDs (26) 520 Alien Tech Used (0) 0 Bonus (300) 300 TOTAL SCORE: 3340 Bonus ------- Aligned with FarCom 300 Cogmind --------- Core Integrity 0/550 Matter 141/300 Energy 125/125 System Corruption 0% Temperature Critical (1858) Movement Core (700) Ox13 Location -8/Materials Parts ------- > --- POWER (1) -------- Light Ion Engine > --- PROPULSION (4) --- Improved Carbon-fiber Leg Improved Carbon-fiber Leg Potential Leg Potential Leg > --- UTILITY (4) ------ Thermal Generator Small Storage Unit Improved Signal Interpreter Improved Light Armor Plating > --- WEAPON (2) ------- Firepult > --- INVENTORY (8) ---- Light Ion Engine Improved Titanium Leg Improved Titanium Leg Improved Titanium Leg Faulty Improved VTOL Module EM Pulse Gun EM Pulse Gun Light Assault Rifle Peak State ------------ > --- POWER ------------ Light Ion Engine > --- PROPULSION ------- Improved Carbon-fiber Leg Improved Carbon-fiber Leg Potential Leg Potential Leg > --- UTILITY ---------- Thermal Generator Small Storage Unit Improved Signal Interpreter Improved Light Armor Plating > --- WEAPON ----------- Firepult > --- INVENTORY -------- Light Ion Engine Improved Titanium Leg Improved Titanium Leg Improved Titanium Leg Improved VTOL Module EM Pulse Gun EM Pulse Gun Light Assault Rifle [Rating: 61] Favorites ----------- Power Ion Engine Engine Ion Engine Propulsion Potential Leg Leg Potential Leg Flight Unit Improved VTOL Module Utility Small Storage Unit Device ECM Suite Storage Small Storage Unit Processor Improved Signal Interpreter Protection Light Armor Plating Weapon EM Pulse Gun Energy Gun EM Pulse Gun Energy Cannon Firepult Build | -11 -10 -10 -10 -9 -8 ------- Run | Yrd Mat Min Exi Min Mat Slots Evolved 4 | . . . . . 4 Power . | . . . . . . Propulsion 2 | . . . . . 2 Utility 2 | . . . . . 2 Weapon . | . . . . . . Parts Attached 21 | 6 1 . 3 1 10 Power 3 | 1 . . . 1 1 Engine 3 | 1 . . . 1 1 Core . | . . . . . . Reactor . | . . . . . . Propulsion 9 | 2 . . 2 . 5 Treads . | . . . . . . Leg 8 | 2 . . 2 . 4 Wheel . | . . . . . . Hover . | . . . . . . Flight 1 | . . . . . 1 Utility 6 | 1 1 . . . 4 Device 2 | . . . . . 2 Storage 1 | 1 . . . . . Processor 1 | . . . . . 1 Hackware . | . . . . . . Protection 2 | . 1 . . . 1 Artifact . | . . . . . . Weapon 3 | 2 . . 1 . . Energy Gun 2 | 2 . . . . . Energy Cannon 1 | . . . 1 . . Ballistic Gun . | . . . . . . Ballistic Cannon . | . . . . . . Launcher . | . . . . . . Special Weapon . | . . . . . . Impact Weapon . | . . . . . . Slashing Weapon . | . . . . . . Piercing Weapon . | . . . . . . Special Melee Weapon . | . . . . . . Unidentified Prototypes 1 | . . . . . 1 Parts Lost 2 | . . . . 1 1 Power 1 | . . . . 1 . Propulsion . | . . . . . . Utility 1 | . . . . . 1 Weapon . | . . . . . . Highest Loss Streak 1 | . . . . 1 1 To Critical Strikes . | . . . . . . Average Backups 6 | 1 2 3 5 7 7 Power . | . 1 1 1 . . Propulsion 1 | . . . . 2 3 Utility . | . . 1 1 1 . Weapon 2 | . 1 1 2 4 3 Tool/Special . | . . . . . . Unused Backups 7 | . . . . . 7 Power 1 | . . . . . 1 Propulsion 4 | . . . . . 4 Utility . | . . . . . . Weapon 2 | . . . . . 2 Tool/Special . | . . . . . . Average Slot Usage (%) 86 | . 97 100 93 85 78 Engine 11 | . 14 14 14 14 9 Leg 31 | . 28 28 28 28 35 Device 3 | . . . . . 8 Storage 11 | . 14 14 14 14 9 Protection 9 | . 11 14 14 14 5 Energy Gun 8 | . 28 28 15 . . Energy Cannon 7 | . . . 6 14 9 Peak Build Rating 61 | 6 7 7 43 43 61 Average Rating 34 | 4 6 7 22 42 52 On Entrance 17 | . 6 7 7 43 43 Naked Turns . | . . . . . . Heaviest Build 42 | 14 17 17 35 35 42 Greatest Support 96 | 20 20 20 60 60 96 Greatest Overweight (x) 13 | 2 . . 1 . 13 Average Overweight (x) . | . . . . . . Largest Inventory Capacity 8 | 8 8 8 8 8 8 Average Capacity 7 | 7 8 8 8 8 8 Most Carried 8 | 5 4 4 8 8 8 Average Carried 6 | 1 2 3 5 7 7 Final Capacity 8 | 8 8 8 8 8 8 Final Carried 8 | 2 3 4 8 7 8 Class Distribution -------------------- 100% | Mutant Dominant Class ---------------- Mutant | -10/Materials Mutant | -10/Mines Mutant | -10/Exiles Mutant | -9/Mines Mutant | -8/Materials Resources | -11 -10 -10 -10 -9 -8 ----------- Run | Yrd Mat Min Exi Min Mat Matter Collected 493 | 200 21 19 . 39 214 Remotely . | . . . . . . Salvage Created 604 | . 21 19 . 71 493 Parts 18 | . 1 3 . 2 12 Haulers Intercepted . | . . . . . . Recyclers Shooed . | . . . . . . Parts Field Recycled . | . . . . . . Retrieved Matter . | . . . . . . Parts Self-Destructed . | . . . . . . Prevented . | . . . . . . Kills | -11 -10 -10 -10 -9 -8 ------- Run | Yrd Mat Min Exi Min Mat Combat Hostiles Destroyed 10 | . . 1 . 1 8 Guns 1 | . . 1 . . . Cannons 1 | . . . . . 1 AOE 4 | . . . . 1 3 Classes Destroyed 8 | . 1 1 . 3 3 Worker 1 | . . . . 1 . Builder 2 | . . . . . 2 Recycler 1 | . . . . . 1 Watcher 3 | . 1 . . . 2 Swarmer 4 | . . 1 . . 3 Grunt 4 | . . . . 1 3 Sentry 2 | . . . . . 2 Demolisher 1 | . . . . 1 . Best Kill Streak 5 | . 1 1 . 2 5 Combat Bots Only 3 | . . 1 . 1 3 Max Kills in Single Turn 3 | . 1 1 . 2 3 Gunslinging . | . . . . . . Exploded 1 | . . . . 1 1 Melee . | . . . . . . Uniques/NPCs Destroyed . | . . . . . . Combat | -11 -10 -10 -10 -9 -8 -------- Run | Yrd Mat Min Exi Min Mat Hostile Shots Fired 44 | . . 7 . 8 29 Missed 11 | . . 2 . 2 7 Hits 33 | . . 5 . 6 22 Melee 2 | . . . . 2 . Projectile 31 | . . 5 . 4 22 AOE 10 | . . . . 10 . Critical Strikes 1 | . . . . . 1 Damage Taken 1506 | . . 39 . 517 950 Core 677 | . . 9 . 72 596 Absorbed by Shields . | . . . . . . Core Remaining (%) 83 | 100 . . . 67 . Volleys Fired 31 | . 1 3 . 2 25 Largest 2 | . 2 2 . 1 1 Hottest 250 | . 80 80 . 250 250 Shots Fired 35 | . 2 6 . 2 25 Gun 8 | . 2 6 . . . Cannon 27 | . . . . 2 25 Launcher . | . . . . . . Special . | . . . . . . Kinetic . | . . . . . . Thermal 27 | . . . . 2 25 Explosive . | . . . . . . Electromagnetic 8 | . 2 6 . . . Robot Hit Streak 3 | . 1 1 . 2 3 Robot Miss Streak 5 | . . 2 . 2 5 Penetration Max . | . . . . . . Secondary Targets . | . . . . . . Shots Hit Robots 13 | . 1 2 . 2 8 Core Hits 26 | . 1 1 . 8 16 Critical Kills . | . . . . . . Critical Parts Destroyed . | . . . . . . Critical Strikes . | . . . . . . Melee Attacks . | . . . . . . Impact . | . . . . . . Slashing . | . . . . . . Piercing . | . . . . . . Sneak Attacks . | . . . . . . Combat Hostiles . | . . . . . . Follow-up Attacks . | . . . . . . Damage Inflicted 984 | . 20 24 . 259 681 Guns 44 | . 20 24 . . . Cannons 259 | . . . . 76 183 Explosions 681 | . . . . 183 498 Melee . | . . . . . . Ramming . | . . . . . . Kinetic . | . . . . . . Thermal 940 | . . . . 259 681 Explosive . | . . . . . . Electromagnetic 44 | . 20 24 . . . Impact . | . . . . . . Slashing . | . . . . . . Piercing . | . . . . . . Highest Corruption . | . . . . . . Average Corruption . | . . . . . . Corruption Purged . | . . . . . . Corruption Blocked . | . . . . . . Overload Shots . | . . . . . . Overflow Damage 14 | . . . . . 14 Projectiles . | . . . . . . Explosions 14 | . . . . . 14 Melee . | . . . . . . Knockbacks . | . . . . . . Impact . | . . . . . . Kinetic . | . . . . . . Secondary . | . . . . . . Self-Inflicted Damage 105 | . . . . 25 80 Shots 14 | . . . . 2 12 Rammed . | . . . . . . Targets Rammed . | . . . . . . Kicked . | . . . . . . Crushed . | . . . . . . Highest Temperature 2061 | . 27 81 . 258 2061 Average Temperature 468 | . 16 41 . 136 574 Received Heat Transfer 144 | . . . . . 144 Effects 43 | . . . . . 43 Shutdowns 9 | . . . . . 9 Energy Bleed 2 | . . . . . 2 Interference 3 | . . . . . 3 Matter Decay 5 | . . . . . 5 Short Circuit 6 | . . . . . 6 Damage (minor) 1 | . . . . . 1 Damage (major) 10 | . . . . . 10 Damage (core) 7 | . . . . . 7 Siege Activations . | . . . . . . Martial Activations . | . . . . . . Shielding Activations . | . . . . . . Robots Disrupted . | . . . . . . Combat Hostiles . | . . . . . . Robots Corrupted . | . . . . . . Combat Hostiles . | . . . . . . Parts Fried . | . . . . . . Impact Corruptions . | . . . . . . Robots Melted 5 | . . . . . 5 Combat Hostiles 4 | . . . . . 4 Parts Melted 19 | . . . . . 19 Heat Transferred 4960 | . . . . 1360 3600 Parts Sabotaged . | . . . . . . Parts Stolen . | . . . . . . Parts Stripped . | . . . . . . Power Chain Reactions . | . . . . . . Alert | -11 -10 -10 -10 -9 -8 ------- Run | Yrd Mat Min Exi Min Mat Maximum Alert Level . | . . . . . . Low Security (%) 100 | 100 100 100 . 100 100 Level 1 . | . . . . . . Level 2 . | . . . . . . Level 3 . | . . . . . . Level 4 . | . . . . . . Level 5 . | . . . . . . High Security . | . . . . . . Max Security . | . . . . . . Peak Influence 181 | . 7 60 . 22 181 Initial . | . . . . . . Average 52 | . . 37 . . 90 Influence Increases 456 | . 7 60 . 27 362 Destroy 0b10 Robot/C 200 | . . 20 . 20 160 Destroy 0b10 Robot/NC 35 | . 5 . . 5 25 Destroy Leader 56 | . 2 10 . . 44 Successful Hack 10 | . . . . . 10 Disable Machine 30 | . . . . . 30 Destroy Structure 95 | . . . . 2 93 Lose Combat Pursuer 30 | . . 30 . . . Influence Decreases 281 | . 7 20 40 27 187 Entered New Map 40 | . . . 40 . . Time Decay 216 | . 7 20 . 12 177 Lost Part 20 | . . . . 10 10 Lost Ally 5 | . . . . 5 . Squads Dispatched . | . . . . . . Investigation . | . . . . . . Extermination . | . . . . . . Reinforcement . | . . . . . . Assault . | . . . . . . Garrison . | . . . . . . Intercept . | . . . . . . Searches Triggered . | . . . . . . Construction Impeded . | . . . . . . Haulers Reinforced . | . . . . . . Active Scanning Responses . | . . . . . . Cargo Convoy Interrupts . | . . . . . . Stealth | -11 -10 -10 -10 -9 -8 --------- Run | Yrd Mat Min Exi Min Mat Distress Signals 2 | . . . . 1 1 Communications Jammed . | . . . . . . Distress Signals . | . . . . . . Times Spotted 20 | . 1 3 . 5 11 Peak Tracking Total 4 | . 1 3 . 4 3 Tactical Retreats 2 | . . 1 . 1 . Traps | -11 -10 -10 -10 -9 -8 ------- Run | Yrd Mat Min Exi Min Mat Traps Triggered . | . . . . . . Indirectly . | . . . . . . Trap Hack Attempts . | . . . . . . Triggered . | . . . . . . Disarmed . | . . . . . . Reprogrammed . | . . . . . . Reused . | . . . . . . Traps Extracted . | . . . . . . Installed . | . . . . . . Triggered . | . . . . . . Machines | -11 -10 -10 -10 -9 -8 ---------- Run | Yrd Mat Min Exi Min Mat Machines Disabled 2 | . . . . . 2 Max in Single Turn 1 | . . . . . 1 Machines Repaired . | . . . . . . Machines Dismantled . | . . . . . . Machines Sabotaged . | . . . . . . Overloaded Fab Kills . | . . . . . . Hacking | -11 -10 -10 -10 -9 -8 --------- Run | Yrd Mat Min Exi Min Mat Machines Accessed 5 | . 1 . 1 . 3 Terminals 4 | . 1 . . . 3 Fabricators . | . . . . . . Repair Stations . | . . . . . . Recycling Units . | . . . . . . Scanalyzers . | . . . . . . Garrison Access . | . . . . . . Total Hacks 14 | . 3 . 1 . 10 Successful 4 | . 1 . 1 . 2 Failed 10 | . 2 . . . 8 Catastrophic . | . . . . . . Database Lockouts . | . . . . . . Manual 1 | . . . 1 . . Terminals 13 | . 3 . . . 10 Fabricators . | . . . . . . Repair Stations . | . . . . . . Recycling Units . | . . . . . . Scanalyzers . | . . . . . . Garrison Access . | . . . . . . Terminal Hacks 4 | . 1 . 1 . 2 Record 1 | . . . . . 1 Prototype ID Bank 1 | . 1 . . . . Registered Components 1 | . . . . . 1 Proto ID Catalog 1 | . . . 1 . . Fabricator Hacks . | . . . . . . Repair Station Hacks . | . . . . . . Recycling Unit Hacks . | . . . . . . Scanalyzer . | . . . . . . Garrison Access Hacks . | . . . . . . Unauthorized Hacks . | . . . . . . Terminals . | . . . . . . Fabricators . | . . . . . . Repair Stations . | . . . . . . Recycling Units . | . . . . . . Scanalyzers . | . . . . . . Garrison Access . | . . . . . . Data Cores Recovered . | . . . . . . Used . | . . . . . . Hacking Detections 4 | . 1 . . . 3 Full Trace Events . | . . . . . . Feedback Events . | . . . . . . Feedback Blocked . | . . . . . . Robot Schematics Acquired . | . . . . . . Robots Built . | . . . . . . Authchips . | . . . . . . Time . | . . . . . . Total Robot Build Rating . | . . . . . . Part Schematics Acquired . | . . . . . . Parts Built . | . . . . . . Authchips . | . . . . . . Time . | . . . . . . Total Part Build Rating . | . . . . . . Parts Repaired . | . . . . . . Time . | . . . . . . Parts Recycled . | . . . . . . Recycled Matter . | . . . . . . Retrieved Matter . | . . . . . . Retrieved Components . | . . . . . . Parts Scanalyzed . | . . . . . . Part Schematics Acquired . | . . . . . . Parts Damaged . | . . . . . . Bothacking | -11 -10 -10 -10 -9 -8 ------------ Run | Yrd Mat Min Exi Min Mat Used RIF Installer . | . . . . . . Robots Hacked . | . . . . . . Non-combat . | . . . . . . Combat . | . . . . . . Robot Hacks Applied . | . . . . . . Relay Couplers Released . | . . . . . . Fabnet Peak Effective % . | . . . . . . Robots Rewired . | . . . . . . Allies Hacked . | . . . . . . Hacks Repelled . | . . . . . . Allies | -11 -10 -10 -10 -9 -8 -------- Run | Yrd Mat Min Exi Min Mat Total Allies 3 | . . . . 3 . Largest Group 3 | . . . . 3 . Highest-Rated Group 40 | . . . . 40 . Highest-Rated Ally 16 | . . . . 16 . Total Orders . | . . . . . . Ally Attacks 5 | . . . . 5 . Total Damage . | . . . . . . Kills . | . . . . . . Allies Corrupted . | . . . . . . Allies Melted . | . . . . . . Intel | -11 -10 -10 -10 -9 -8 ------- Run | Yrd Mat Min Exi Min Mat Active Infowar (turns) 119 | . . . . . 119 ECM 119 | . . . . . 119 Robot Analysis Total . | . . . . . . Derelict Logs Recovered . | . . . . . . Drone Launches . | . . . . . . Drone Recoveries . | . . . . . . Exploration | -11 -10 -10 -10 -9 -8 ------------- Run | Yrd Mat Min Exi Min Mat Turns Passed 1161 | 74 147 49 254 138 499 Spaces Moved 885 | 49 103 30 232 144 327 Core 16 | 15 . . . . 1 Treads . | . . . . . . Legs 869 | 34 103 30 232 144 326 Wheels . | . . . . . . Hover . | . . . . . . Flight . | . . . . . . Fastest Speed 45 | 50 120 120 90 45 90 Average Speed 103 | 123 120 120 106 65 107 Slowest Speed 700 | 150 120 120 190 90 700 Overloaded Moves 79 | . . . . 79 . Propulsion Burnouts . | . . . . . . Robots Hopped . | . . . . . . Potential Cave-ins . | . . . . . . Cave-ins Triggered . | . . . . . . Exploration Rate (%) 25 | 4 20 10 60 26 32 Regions Visited 5 Branch Regions 3 Pre-discovered Areas . | . . . . . . Known Exits Taken . | . . . . . . Unknown Exits Taken 5 | 1 1 1 1 1 . Scrap Searched . | . . . . . . Spaces Dug 48 | . . . . . 48 Terrain Destroyed 133 | . . . . 11 122 Melee . | . . . . . . Projectile 14 | . . . . 2 12 AOE 119 | . . . . 9 110 Terrain Rammed . | . . . . . . Walls Destroyed . | . . . . . . Machines Disabled . | . . . . . . Actions | -11 -10 -10 -10 -9 -8 --------- Run | Yrd Mat Min Exi Min Mat Total 1096 | 62 124 37 239 185 449 Wait 129 | . 18 4 . 39 68 Move 880 | 48 102 29 231 143 327 Hop . | . . . . . . Pick Up 23 | 8 2 1 3 . 9 Fast Attach 2 | . . . . . 2 Attach 13 | 6 1 . 1 1 4 Detach 2 | . . . 2 . . Swap 9 | . . . 2 . 7 Drop 7 | . . . . . 7 Fire 31 | . 1 3 . 2 25 Melee . | . . . . . . Ram . | . . . . . . Kick . | . . . . . . Crush . | . . . . . . Escape Stasis . | . . . . . . Rewire . | . . . . . . Trap . | . . . . . . Miscellaneous . | . . . . . . Route ------- -11/Scrapyard -10/Materials -10/Mines -10/Exiles -9/Mines -8/Materials (discovered 3 exits: *Fac / [*Sto x2]) History --------- Turn | Location | Event 23 | -11/Scrapyard | Discovered new exit (range 15) 75 | -11/Scrapyard | Entered Materials 207 | -10/Materials | Discovered new exit (range 12) 222 | -10/Materials | Entered Mines 265 | -10/Mines | Deemed a non-threat by the Exiles lab entrance 265 | -10/Mines | Discovered new exit (range 5) 271 | -10/Mines | Entered Exiles 301 | -10/Exiles | Met 8R-AWN 310 | -10/Exiles | Build established: Mutant 321 | -10/Exiles | Met EX-HEX 354 | -10/Exiles | Met EX-BIN 369 | -10/Exiles | Aligned with FarCom system 370 | -10/Exiles | Given EX-Vault access code 397 | -10/Exiles | Opened EX-Vault 408 | -10/Exiles | Found Firepult 416 | -10/Exiles | Found Potential Leg 419 | -10/Exiles | Found Potential Leg 441 | -10/Exiles | Warned to stay clear of 0b10 Research branches 449 | -10/Exiles | Exiles lab attacked by MAIN.C 514 | -10/Exiles | Discovered new exit (range 14) 525 | -10/Exiles | Stole two prototypes: Potential Leg, Firepult 525 | -10/Exiles | Entered Mines 528 | -9/Mines | Assisted by bots powering up and referring to "LRC-V3" 530 | -9/Mines | Assembled infested the area 535 | -9/Mines | Assisted by a Guerilla fighting off Assembled 577 | -9/Mines | Met a Derelict bent on vengeance 618 | -9/Mines | Lost 5 allies 659 | -9/Mines | Discovered new exit (range 5) 663 | -9/Mines | Entered Materials 663 | -8/Materials | Evolved 4 slots: Propulsion x2, Utility x2 735 | -8/Materials | Discovered new exit (range 11) 845 | -8/Materials | Discovered new exit (range 16) 1055 | -8/Materials | Discovered new exit (range 10) 1093 | -8/Materials | Identified exit to Factory 1136 | -8/Materials | Core integrity fell below 50% 1150 | -8/Materials | Core integrity fell below 20% 1163 | -8/Materials | Core destroyed Last Messages --------------- 01137_ U-05 Engineer builds a Wall. 01140_ Overheating: Broken Potential Leg damaged (-49). 01143_ Power failure, Lgt. Ion Engine shutdown. 01145_ Overheating: Matter decay (-47). 01146_ Potential Leg broken. 01146_ Overheating: Short circuit. 01149_ Overheating: Core damaged (-110). 01150_ Overheating: Core damaged (-71). 01153_ Power failure, Lgt. Ion Engine shutdown. 01155_ Firepult broken. 01155_ Overheating: Short circuit. 01159_ Overheating: Core damaged (-77). 01160_ Overheating: Lgt. Ion Engine damaged (-17). 01160_ Overheating: Broken Potential Leg damaged (-129). 01160_ Overheating: Imp. Signal Interpreter damaged (-5). 01163_ Overheating: Core damaged (-60). Map ----- +----------------------------------------------------+ | | | | | | | | | | | | | | | | | | | | | | | | | | | | | | | | | | | | | | | ###????????????# # ; #?????????????? | | ????????????# ##?????????????? | | """???????????# #?????????????? | | """#??????????# #???????????????? | | """#??????????# #???????????????? | | """#???????????# +???????????????? | | """#???????#** @ #???????????????? | | #???????????##;# # ;####???????????????? | | =#????????????????# #??????????????????? | | #???????????###### ########???????????? | | # ####?????#!! %= ????????? | | "######???######## #########???????????? | | #??????????# ]##########??????????? | | ################## #??????????? | | T " #??????????? | | ############## < !* #??????????? | | #????????????# " = !! #??????????? | | ###/#########???????# = !* #??????????? | | ## #??????# # #??????????? | | ## #??????# " #??????????? | | ## #??????# # #??????????? | | # # #??????# # #??????????? | | ### #??????# ##########??????????? | | ##+############??????# #???????????????????? | | ??? #???????????????????? | | ######?????????## #???????????????????? | | #???????????????# #???????????????????? | | # ##???????????????# #???????????????????? | | # #######????????????????# #???????????????????? | | # #??????????????????????# #???????????????????? | | # ######?????????????????# #???????????????????? | +----------------------------------------------------+ Best States ------------- Heat Dissipation 31 Energy Generation 10 Energy Capacity 250 Matter Stores 300 Matter Capacity 300 Sight Range 16 Terrain Scan Density 10 ECM Strength 1 Armor Coverage 150 Evasion (%) 59 Item Schematics ----------------- None Robot Schematics ------------------ None Fabricated ------------ Nothing Repaired ---------- Nothing Alien Tech Used ----------------- None Achievements -------------- None Challenges ------------ None Game ------ Seed ExperimentalWeaponsThrower Manual? 0 Play Time 00:16:18 Cumulative 50.2 hours Start 2025.08.11 @ 19:34:08 End 2025.08.11 @ 19:50:31 Sessions 1 Manual Loads 0 Difficulty Rogue Special Mode None Game No. 36 Rogue 36 Adventurer 0 Explorer 0 Win Type - Total 1 Types 1/0/0/0/0/0/0/0/0/0 Lore% 45 Gallery% 40 Achievement% 35 Wizard Run 0 Options --------- Layout 1 ASCII 0 Keyboard 0 Movement Mouse Keybinds 0 Fullscreen 1 Font 24/Smallcaps Map View 50x35 Zoom Use 0% Tactical HUD 1 Map Filters NONE Filters NONE Steam 1 RUN: 1d1883af-b810-4239-93e0-41792d869b7d